 Dungeon Crawl Stone Soup version 0.30.0-10-gfe55d96785 (webtiles) character file.

Game seed: 10742303599641426417

82 cheesebisquit the Firebug (level 4, -1/36 HPs)
             Began as a Draconian Fire Elementalist on May 13, 2023.
             Slain by an orc priest
             ... wielding a +0 club
              (2 damage)
             ... on level 3 of the Dungeon.
             The game lasted 00:06:01 (2566 turns).

cheesebisquit the Firebug (DrFE)                    Turns: 2566, Time: 00:06:02

Health: -1/36      AC: 10    Str: 11    XL:     4   Next: 21%
Magic:  5/7        EV: 12    Int: 17    God:
Gold:   105        SH:  0    Dex: 11    Spells: 7/8 levels left

rFire   . . .        n - +0 spear (venom)
rCold   + . .        (no shield)
rNeg    . . .        (body armour unavailable)
rPois   .            (helmet restricted)
rElec   .            (no cloak)
rCorr   .            (no gloves)
SInv    .            s - +0 pair of boots
Will    .....        (no amulet)
Stlth   ++           f - ring of protection from cold
HPRegen 0.26/turn    h - +4 ring of protection
MPRegen 0.10/turn

%: no passive effects
@: no status effects
A: AC +5, unfitting armour, cold-blooded
a: no special abilities


You were on level 3 of the Dungeon.
You visited 1 branch of the dungeon, and saw 3 of its levels.

You collected 105 gold pieces.

Inventory:

Hand Weapons
 n - a +0 spear of venom (weapon)
Missiles
 i - 6 poisoned darts
Armour
 s - a +0 pair of boots (worn)
Jewellery
 f - a ring of protection from cold (left hand)
 h - a +4 ring of protection (right hand)
Wands
 t - a wand of flame (5)
Scrolls
 c - a scroll of immolation {unknown}
 j - a scroll of silence {unknown}
 k - a scroll of poison {unknown}
 l - a scroll of acquirement {unknown}
 o - 3 scrolls of identify
 p - a scroll of magic mapping {unknown}
Potions
 b - 2 potions of haste
 d - a potion of curing {unknown}
 e - a potion of attraction {unknown}
 g - 2 potions of brilliance {unknown}
 m - a potion of lignification {unknown}
 q - a potion of flight {unknown}
 r - a potion of degeneration {unknown}


   Skills:
 + Level 1.9 Fighting
 + Level 2.5 Dodging
 + Level 2.7 Stealth
 + Level 2.6 Spellcasting
 - Level 1.0 Conjurations
 - Level 3.0 Fire Magic


You had 7 spell levels left.
You knew the following spells:

 Your Spells              Type           Power      Damage    Failure   Level
a - Foxfire               Conj/Fire      36%        2x1d5     9%          1

Your spell library contained the following spells:

 Spells                   Type           Power      Damage    Failure   Level
 Scorch                   Fire           24%        2d6       9%          2
 Cigotuvi's Dreadful Rot  Necr/Pois/Air  4%         N/A       28%         2
 Inner Flame              Hex/Fire       7%         N/A       30%         3
 Volatile Blastmotes      Fire/Tloc      14%        2d11      30%         3
 Ignite Poison            Fire/Tmut/Pois 5%         N/A       36%         3
 Ozocubu's Armour         Ice            2%         N/A       50%         3
 Flame Wave               Conj/Fire      9%         2d6       63%         4
 Freezing Cloud           Conj/Ice/Air   1%         6-21      99%         5
 Metabolic Englaciation   Hex/Ice        1%         N/A       99%         5
 Simulacrum               Ice/Necr       1%         N/A       100%        6


Dungeon Overview and Level Annotations

Branches:
Dungeon (3/15)

Altars:

Shops:
D:1 [


Innate Abilities, Weirdness & Mutations

Your plain brown scales are hard. (AC +5)
You cannot fit into any form of body armour.
You are cold-blooded and may be slowed by cold attacks.


Message History

The orc priest is moderately wounded.
You are too injured to fight recklessly!
Magic courses through your body.
Casting: Foxfire (safe; 9% risk of failure)
Press: ? - help, Q - select action, (/) - cycle Dir - look around, f - activate You conjure some foxfire!
You are too injured to fight recklessly!
Reach: n) +0 spear (venom)
Press: ? - help, Dir - move target, f - orc priest
Aim: an orc priest, wielding a +0 club and wearing a +0 leather armour (moderately wounded, ally target, about 43% to evade your +0 spear of venom)
You could not reach far enough!
The foxfire hits the orc priest.
The orc priest is heavily wounded.
The foxfire hits the orc priest but does no damage.
The orc priest is heavily wounded.
You are too injured to fight recklessly!
Casting: Foxfire (safe; 9% risk of failure)
Press: ? - help, Q - select action, (/) - cycle Dir - look around, f - activate You conjure some foxfire!
The orc priest hits you but does no damage.
You hit the orc priest but do no damage.
The orc priest is heavily wounded.
The foxfire hits the orc priest but does no damage.
The orc priest is heavily wounded.
The orc priest closely misses you. The orc priest barely misses you.
Casting: Foxfire (safe; 9% risk of failure)
Press: ? - help, Q - select action, (/) - cycle Dir - look around, f - activate You conjure some foxfire!
The orc priest mumbles some strange prayers to Beogh against you.
Beogh smites you!
* * * LOW HITPOINT WARNING * * *
You hit the orc priest but do no damage.
The orc priest is heavily wounded.
The foxfire hits the orc priest.
The orc priest is heavily wounded.
The orc priest casts a cantrip, but nothing happens.
As you read the scroll labelled ZOGETESAFAE, it crumbles to dust.
It is a scroll of identify.
b - 2 potions of haste The orc priest hits you with a +0 club.
You die...

..
#.#####.########.#
##
.................#
...........#######
.#####..##.#
#..##.# #..##.#
#.###.# ..#####.#
#.# ..o.roo@# #..
.###o#### #.. #


You could see an orc priest, 3 orcs and a rat.

Vanquished Creatures
  4 adders
  2 dart slugs
  2 orcs (D:3)
  5 bats
  4 endoplasms
  A giant cockroach (D:1)
  3 goblins
  4 hobgoblins
  3 jackals (D:1)
  A quokka (D:3)
  2 ball pythons
  2 frilled lizards
  2 kobolds
  4 rats
39 creatures vanquished.

Vanquished Creatures (others)
  115 foxfires
115 creatures vanquished.

Grand Total: 154 creatures vanquished

Notes
Turn   | Place    | Note
-------+----------+-------------------------------------------
     0 | D:1      | cheesebisquit the Draconian Fire Elementalist began the
                  | quest for the Orb.
     0 | D:1      | Reached XP level 1. HP: 14/14 MP: 3/3
     1 | D:1      | Noticed an electric eel
    16 | D:1      | Found Feiw's Armour Shop.
   124 | D:1      | Reached XP level 2. HP: 9/22 MP: 0/5
   644 | D:1      | Reached skill level 1 in Fighting
  1237 | D:2      | Reached XP level 3. HP: 25/28 MP: 1/6
  2136 | D:3      | Reached XP level 4. HP: 36/36 MP: 1/7
  2564 | D:3      | HP: 1/36 [orc priest/divine providence (12)]
  2566 | D:3      | Slain by an orc priest

Illustrated notes

Levels and vault maps discovered:
D:1:      arrival_aquarium_a, layout_loops_ring, serial_shops,
          nicolae_shop_statue_plus
D:2:      layout_basic
D:3:      layout_loops_ring, nemelex_dance_club_becter

Skill      XL: |  1  2 |
---------------+-------+-----
Dodging        | 2 |  2.5
Stealth        | 2 |  2.7
Fighting       | 1 |  1.9
Spellcasting   | |  2.6
Conjurations   | |  1.0
Fire Magic     | |  3.0

Action                     |  1- 3 |  4- 6 || total
---------------------------+-------+-------++-------
  Melee: Unarmed           |     9 |       ||     9
         Dagger            |    21 |       ||    21
         Tailslap          |     7 |     1 ||     8
         Punch             |     1 |       ||     1
         Spear             |     7 |     6 ||    13
   Cast: Foxfire           |    54 |    14 ||    68
    Use: Scroll            |       |     1 ||     1
         Potion            |       |     1 ||     1
 Armour: Skin              |    24 |     5 ||    29
  Dodge: Dodged            |    32 |     3 ||    35
